 Dungeon Crawl Stone Soup version 0.18.1-50-g88ac8fd (webtiles) character file.

92 magog001 the Shield-Bearer (level 4, -10/40 HPs)
             Began as a Minotaur Fighter on Apr 12, 2017.
             Was a Follower of Nemelex Xobeh.
             Killed by divine providence
             ... invoked by an orc priest
              (14 damage)
             ... on level 3 of the Dungeon.
             The game lasted 00:09:16 (1615 turns).

magog001 the Shield-Bearer (Minotaur Fighter)       Turns: 1615, Time: 00:09:18

Health: -10/40     AC:  7    Str: 21    XL:     4   Next: 35%
Magic:  3/3        EV:  8    Int:  5    God:    Nemelex Xobeh [*.....]
Gold:   108        SH:  9    Dex: 10    Spells: 0 memorised, 3 levels left

rFire  . . .     SeeInvis .     u - +1 dagger (venom)
rCold  . . .     Gourm    .     b - +0 scale mail
rNeg   . . .     Faith    .     c - +0 shield
rPois  .         Spirit   .     (helmet restricted)
rElec  .         Dismiss  .     (no cloak)
rCorr  .         Reflect  .     (no gloves)
SustAt .         Harm     .     (no boots)
MR     .....                    (no amulet)
Stlth  ..........               (no ring)
                                (no ring)

@: not resistant to hostile enchantments, extremely unstealthy
A: retaliatory headbutt, horns 2
a: Renounce Religion


You were on level 3 of the Dungeon.
You worshipped Nemelex Xobeh.
Nemelex Xobeh was aware of your devotion.
You were full.

You visited 1 branch of the dungeon, and saw 3 of its levels.

You collected 108 gold pieces.

Inventory:

Hand Weapons
 a - a +0 war axe
 u - a +1 dagger of venom (weapon)
Missiles
 s - 7 needles of frenzy
Armour
 b - a +0 scale mail (worn)
 c - a +0 shield (worn)
Jewellery
 j - an uncursed ring of positive energy {unknown}
Scrolls
 e - 2 scrolls of fog {unknown}
 h - a scroll of enchant armour {unknown}
 k - a scroll of fear {unknown}
 l - 3 scrolls of identify {unknown}
 m - a scroll of immolation {unknown}
 p - 3 scrolls of enchant weapon {unknown}
 v - a scroll of teleportation {unknown}
 w - 2 scrolls of remove curse {unknown}
Potions
 d - a potion of might
 i - 7 potions of curing {unknown}
 r - a potion of degeneration {unknown}
Miscellaneous
 q - a plain deck of escape
 x - a plain deck of war
Comestibles
 f - 4 bread rations
 g - a slice of pizza
 n - 8 fruits
 t - 4 chunks of flesh


   Skills:
 + Level 4.2 Fighting
 + Level 2.8 Axes
 + Level 4.6 Armour
 + Level 0.9 Dodging
 + Level 0.1 Stealth
 + Level 4.6 Shields


You had 3 spell levels left.
You didn't know any spells.

Dungeon Overview and Level Annotations

Branches:
Dungeon (3/15)

Altars:
Nemelex Xobeh
Pakellas


Innate Abilities, Weirdness & Mutations

You reflexively headbutt those who attack you in melee.
You have a pair of horns on your head.


Message History

There is a stone staircase leading down here.
The ball python bites you but does no damage.
You block the ball python's attack.
Found a gold piece.
You block the ball python's attack. x2
A rat comes into view.
The ball python closely misses you. You furiously retaliate!
You headbutt the ball python!
You kill the ball python!
Found 14 arrows.
Found 7 gold pieces.
You hit the rat.
The rat is poisoned.
The rat is severely wounded.
The ogre looks more healthy.
The rat closely misses you.
You kill the rat!
An orc priest comes into view.
The orc priest calls down the wrath of Beogh upon you.
Beogh smites you!
You die...
Your body disappears without a glow.

#..S.†.#
###.####.## .#
#...## #..# .
#(#..# ##.# .#
...##.## #S# .
#### #S.# #.#
.# ##.###O###.#
#>.##.#...###.o
##$##..@.......
#.##..#.####..
#.##.##.#
#.#### .# #.#
.# #.# .# #<#
.# #[# .. #.#


You could see an orc priest.

Vanquished Creatures
  Jessica (D:3)
  An adder (D:2)
  4 dart slugs
  A ball python (D:3)
  6 goblins
  4 hobgoblins
  6 jackals
  5 kobolds
  A quokka (D:3)
  9 bats
  2 giant newts
  6 rats
46 creatures vanquished.

Notes
Turn   | Place    | Note
--------------------------------------------------------------
     0 | D:1      | magog001 the Minotaur Fighter began the quest for the Orb.
     0 | D:1      | Reached XP level 1. HP: 19/19 MP: 0/0
   243 | D:1      | Reached XP level 2. HP: 27/27 MP: 1/1
   548 | D:1      | Found a sparkling altar of Nemelex Xobeh.
   560 | D:1      | Became a worshipper of Nemelex Xobeh the Trickster
   803 | D:2      | Reached XP level 3. HP: 33/33 MP: 2/2
   900 | D:2      | Received a gift from Nemelex Xobeh
   914 | D:2      | Found an oddly glowing altar of Pakellas.
  1428 | D:2      | Reached * piety under Nemelex Xobeh
  1428 | D:2      | Received a gift from Nemelex Xobeh
  1576 | D:3      | Noticed Jessica
  1580 | D:3      | Noticed an ogre
  1582 | D:3      | Killed Jessica
  1582 | D:3      | Reached XP level 4. HP: 40/40 MP: 3/3
  1587 | D:3      | HP: 2/40 [ogre/giant spiked club (24)]
  1595 | D:3      | HP: 2/40 [ball python (1)]
  1615 | D:3      | Killed from afar by an orc priest

Skill      XL: |  1  2 |
---------------+-------+-----
Fighting       | 4 |  4.2
Shields        | 4 |  4.6
Armour         | 4 |  4.6
Axes           | |  2.8
Dodging        | |  0.9
Stealth        | |  0.1

Action                   |  1- 3 |  4- 6 || total
-------------------------+-------+-------++-------
Melee: War axe           |    76 |       ||    76
       Headbutt          |    13 |     1 ||    14
       Dagger            |    17 |     5 ||    22
  Eat: Meat ration       |     1 |       ||     1
       Beef jerky        |     1 |       ||     1
Armor: Scale mail        |    40 |     2 ||    42
Dodge: Dodged            |    31 |     3 ||    34
Block: Shield            |    56 |     5 ||    61
